 Dungeon Crawl Stone Soup version 0.24-a0-489-g1c7b743a30 (webtiles) character file.

Game seed: 6978154890184883619

274 Gaball the Firebug (level 5, -1/38 HPs)
             Began as a Demigod Fire Elementalist on July 11, 2019.
             Slain by a slave (7 damage)
             ... led by Pikel
             ... on level 4 of the Dungeon.
             The game lasted 00:14:51 (4131 turns).

Gaball the Firebug (Demigod Fire Elementalist)      Turns: 4131, Time: 00:14:52

Health: -1/38      AC:  4    Str: 11    XL:     5   Next: 72%
Magic:  13/13      EV: 12    Int: 21    God:
Gold:   128        SH:  0    Dex: 16    Spells: 0/10 levels left

rFire    . . .     SeeInvis .   g - staff of earth
rCold    . . .     Gourm    .   (no shield)
rNeg     . . .     Faith    .   a - +0 robe
rPois    .         Spirit   .   (no helmet)
rElec    .         Reflect  .   (no cloak)
rCorr    .         Harm     .   h - +0 pair of gloves
MR       .....                  i - +0 pair of boots
Stlth    ++........             (no amulet)
HPRegen  0.12/turn              (no ring)
MPRegen  0.13/turn              (no ring)

@: no status effects
A: high mp 1
a: no special abilities


You were on level 4 of the Dungeon.
You were very hungry.

You visited 1 branch of the dungeon, and saw 4 of its levels.

You collected 128 gold pieces.

Inventory:

Missiles
 b - 96 stones (quivered)
Armour
 a - a +0 robe (worn)
 h - a +0 pair of gloves (worn)
 i - a +0 pair of boots (worn)
Magical Staves
 g - an uncursed staff of earth (weapon)
Jewellery
 n - an uncursed ring of ice
Scrolls
 e - a scroll of blinking
 j - 2 scrolls of enchant weapon
 k - 3 scrolls of magic mapping
Potions
 l - a potion of invisibility
 m - 2 potions of lignification
Comestibles
 c - 6 rations


   Skills:
 - Level 1.7 Dodging
 - Level 1.7 Stealth
 + Level 3.3 Spellcasting
 + Level 3.1 Conjurations
 + Level 4.1 Fire Magic


You couldn't memorise any spells.
You knew the following spells:

 Your Spells              Type           Power        Failure   Level  Hunger
a - Flame Tongue          Conj/Fire      ###..        2%          1    None
b - Throw Flame           Conj/Fire      ###...       4%          2    ##.....
c - Conjure Flame         Conj/Fire      ###.....     9%          3    ###....
d - Sticky Flame          Conj/Fire      ###.....     28%         4    ####...

Your spell library contained the following spells:

 Spells                   Type           Power        Failure   Level  Hunger
 Inner Flame              Hex/Fire       ##......     16%         3    ###....
 Fireball                 Conj/Fire      ###.......   61%         5    ######.


Dungeon Overview and Level Annotations

Branches:
Dungeon (4/15)
 Temple: D:4-7

Annotations:
D:4 Pikel


Innate Abilities, Weirdness & Mutations

You have an increased reservoir of magic. (+10% MP)


Message History

Casting: Sticky Flame (quite dangerous; 28% risk of failure)
Confirm with . or Enter, or press ? or * to list all spells.
Okay, then.
Your magical contamination has completely faded away.
You start resting.
HP restored.
You start resting.
Magic restored.
There is a stone staircase leading down here.
You climb downwards.
Level annotation: Pikel The slave hits you!
Pikel hits you with a +2 whip of freezing!
Pikel freezes you.
Pikel hits you with a +2 whip of freezing.
* * * LOW HITPOINT WARNING * * *
Pikel freezes you.
* * * LOW HITPOINT WARNING * * *
The slave hits you!
You die...

###### #### # #### #.#..###..#
#. ######..###[p...#...## #..
##.#..#.....@.........#####
#..##.....<......K.......###..#
#.................#.......#...#
........##........#....).....##
.......###....................#
.......#......#.........[....##
.......#..#.............#....#
.........##.............##...##
....##..##..............#.....#


You could see Pikel and a slave.

Vanquished Creatures
  Edmund (D:4)
  3 slaves
  An orc wizard (D:3)
  2 adders
  An ooze (D:4)
  A worm (D:2)
  4 dart slugs
  6 orcs
  3 giant cockroaches
  18 goblins
  6 hobgoblins
  13 jackals
  10 kobolds
  12 bats
  5 frilled lizards
  9 rats
95 creatures vanquished.

Notes
Turn   | Place    | Note
-------+----------+-------------------------------------------
     0 | D:1      | Gaball the Demigod Fire Elementalist began the quest for
                  | the Orb.
     0 | D:1      | Reached XP level 1. HP: 14/14 MP: 5/5
   171 | D:1      | Reached skill level 1 in Conjurations
   455 | D:1      | Reached XP level 2. HP: 20/20 MP: 4/7
   552 | D:1      | Reached skill level 3 in Fire Magic
  1262 | D:1      | Learned a level 2 spell: Throw Flame
  1275 | D:2      | Reached XP level 3. HP: 26/26 MP: 3/9
  1705 | D:2      | Found a shadowy altar of Dithmenos.
  2223 | D:2      | Reached XP level 4. HP: 27/33 MP: 2/10
  2647 | D:3      | Learned a level 3 spell: Conjure Flame
  3442 | D:4      | Noticed Edmund
  3496 | D:4      | Killed Edmund
  3496 | D:4      | Reached skill level 4 in Fire Magic
  3496 | D:4      | Reached XP level 5. HP: 31/38 MP: 13/13
  3667 | D:4      | Noticed a slave
  3670 | D:4      | Noticed Pikel
  3692 | D:4      | Killed a slave
  3779 | D:4      | Noticed a slave
  3878 | D:4      | Learned a level 4 spell: Sticky Flame
  3889 | D:4      | Noticed a slave
  3890 | D:4      | Found a glowing silver altar of Zin.
  3897 | D:4      | Noticed a slave
  3920 | D:4      | Killed a slave
  4095 | D:3      | Killed a slave
  4131 | D:4      | Slain by a slave

Levels and vault maps discovered:
D:1:      dpeg_arrival_rhombi, layout_basic, minmay_ruptured
D:2:      layout_basic, nicolae_dithmenos_shadow_blocks,
          chequers_serial_rivers_micro_b
D:3:      layout_basic, minmay_misc_feat_pillars, minmay_crystal_room
D:4:      layout_cave_pools, zin_academy, nicolae_ashenzari_panopticon,
          chequers_serial_rivers_room_a, uniq_ijyb, uniq_edmund, uniq_pikel,
          uniq_natasha

Skill      XL: |  1  2  3  4 |
---------------+-------------+-----
Conjurations   | 1 2 3 |  3.1
Spellcasting   | 2 3 |  3.3
Fire Magic     | 3 4 |  4.1
Dodging        | |  1.7
Stealth        | |  1.7

Action                   |  1- 3 |  4- 6 || total
-------------------------+-------+-------++-------
Melee: Unarmed           |       |    13 ||    13
Throw: Stone             |    50 |    45 ||    95
 Cast: Flame Tongue      |   104 |    74 ||   178
       Sticky Flame      |       |     2 ||     2
  Use: Scroll            |     6 |     2 ||     8
 Stab: Confused          |       |     2 ||     2
  Eat: Chunk             |     4 |     5 ||     9
Armor: Robe              |    11 |     7 ||    18
Dodge: Dodged            |    28 |    22 ||    50

Table legend:
 A = Non-vault XP
 B = Vault XP
 C = Vault XP percentage of total XP
 D = Non-vault monster count
 E = Vault monster count
 F = Vault count percentage of total count
                 A         B        C        D         E       F
            +---------+---------+-------+---------+---------+-------
      Total |     230 |     162 |  41.3 |      88 |       4 |   4.3
            +---------+---------+-------+---------+---------+-------
        D:1 |      41 |       4 |   8.9 |      21 |       3 |  12.5
        D:2 |      75 |       0 |   0.0 |      34 |       0 |   0.0
        D:3 |     102 |       0 |   0.0 |      30 |       0 |   0.0
        D:4 |      12 |     158 |  92.9 |       3 |       1 |  25.0
            +---------+---------+-------+---------+---------+-------
